 Dungeon Crawl Stone Soup version 0.27.1-15-g792fb953b9 (webtiles) character file.

Game seed: 17028957606101992382

929 croobank the Slasher (level 8, 0/62 HPs)
             Began as a Barachi Abyssal Knight on Nov 18, 2021.
             Was an Elder of Lugonu.
             Succumbed to a gnoll's poison
             ... on level 6 of the Dungeon.
             The game lasted 00:42:36 (4445 turns).

croobank the Slasher (Barachi Abyssal Knight)       Turns: 4445, Time: 00:42:37

Health: 0/62       AC:  6    Str: 15    XL:     8   Next: 11%
Magic:  10/14      EV: 12    Int: 13    God:    Lugonu [****..]
Gold:   278        SH:  0    Dex: 12    Spells: 12/15 levels left

rFire    + . .     SeeInvis .   a - +3 falchion
rCold    x . .     Faith    .   (no shield)
rNeg     . . .     Spirit   .   b - +0 leather armour
rPois    .         Reflect  .   (no helmet)
rElec    .         Harm     .   (no cloak)
rCorr    .         Rampage  .   e - +0 pair of gloves
Will     .....                  d - +1 pair of boots
Stlth    +.........             k - amulet of regeneration
HPRegen  1.20/turn              i - ring of fire
MPRegen  0.14/turn              (no ring)

@: mighty, lethally poisoned (0 -> 0), unable to hop, on berserk cooldown,
slowed, very slow
A: amphibious, slowness 1, strong legs 1, +LOS
a: Hop, Renounce Religion, Depart the Abyss, Bend Space, Banish, Corrupt


You were on level 6 of the Dungeon.
You worshipped Lugonu.
Lugonu was greatly pleased with you.
You visited 1 branch of the dungeon, and saw 6 of its levels.
You visited the Abyss 1 time.

You collected 278 gold pieces.

Inventory:

Hand Weapons
 a - a +3 falchion (weapon)
 h - a +0 short sword
 s - a +1 shortbow of freezing
Missiles
 c - 143 stones
 n - 8 poisoned darts (quivered)
 t - 8 arrows
Armour
 b - a +0 leather armour (worn)
 d - a +1 pair of boots (worn)
 e - a +0 pair of gloves (worn)
 q - a +0 scale mail
Jewellery
 i - a ring of fire (left hand)
 k - an amulet of regeneration (around neck)
Scrolls
 f - a scroll of noise
 l - a scroll of amnesia
 m - a scroll of fog
 p - 3 scrolls of magic mapping
Potions
 j - a potion of might
 r - a potion of degeneration {unknown}


   Skills:
 - Level 5.2 Fighting
 - Level 5.3 Long Blades
 - Level 3.3 Armour
 - Level 2.6 Dodging
 - Level 0.1 Stealth
 + Level 4.0 Spellcasting
 - Level 1.6 Conjurations
 + Level 1.2 Hexes
 - Level 1.2 Transmutations
 + Level 3.9 Ice Magic
 - Level 1.6 Air Magic
 - Level 1.2 Poison Magic
 - Level 1.7 Invocations


You had 12 spell levels left.
You knew the following spells:

 Your Spells              Type           Power      Damage    Failure   Level
a - Shock                 Conj/Air       24%        1d4       13%         1
b - Ensorcelled Hibernat  Hex/Ice        18%        N/A       13%         2

Your spell library contained the following spells:

 Spells                   Type           Power      Damage    Failure   Level
 Swiftness                Air            6%         N/A       36%         3
 Spider Form              Tmut/Pois      2%         N/A       41%         3
 Airstrike                Air            3%         N/A       78%         4
 Shadow Creatures         Summ           N/A        N/A       100%        6


Dungeon Overview and Level Annotations

Branches:
Dungeon (5/15)             Temple (0/1) D:4

Altars:
Elyvilon


Innate Abilities, Weirdness & Mutations

You are amphibious.
You cover ground slowly.
You can hop short distances.
You have an extended range of vision and can be seen from far away.


Message History

The adder hisses angrily.
Found a heavily runed scale mail.
Okay, then.
Okay, then.
It was a potion of might.
You feel very mighty all of a sudden.
* * * LOW HITPOINT WARNING * * *
You feel very sick.
It was a potion of berserk rage.
A red film seems to cover your vision as you go berserk!
You feel yourself moving faster!
You feel mighty!
* * * LOW HITPOINT WARNING * * *
You feel very sick.
You are too berserk!
Okay, then.
You are too berserk!
You are too injured to fight recklessly!
You are too berserk!
You feel a strong urge to attack something.
* * * LOW HITPOINT WARNING * * *
You feel sick.
* * * LOW HITPOINT WARNING * * *
You feel sick.
You feel your anger nearly subside.
* * * LOW HITPOINT WARNING * * *
You feel sick.
Found a scroll of noise.
You are no longer berserk.
You are exhausted.
You feel yourself slow down.
* * * LOW HITPOINT WARNING * * *
You feel sick.
You miss the adder.
* * * LOW HITPOINT WARNING * * *
You feel sick. The adder closely misses you.
The adder bites you but does no damage.
Okay, then.
As you read the scroll of fear, it crumbles to dust.
You assume a fearsome visage.
The adder looks frightened!
You die...

#.... .#
.... ....
.###....
...#.#......
...#.......
# ........
#.+#.....?
#.....[.#
#....S..#
#@..# #...#
#...# #...#
#...# #...#
#...# #....
#.#.##


You could see an adder (fleeing).

Vanquished Creatures
  A sky beast (D:5)
  An ogre (D:4)
  A centaur (D:5)
  A phantom (D:4)
  A kobold brigand (D:3)
  A scorpion (D:4)
  A gnoll shaman (D:5)
  3 orc priests (D:4)
  A hound (D:4)
  Natasha (D:4)
  3 orc wizards
  Robin (D:3)
  8 adders
  3 adder skeletons (D:4)
  2 dart slugs
  2 worms
  8 orcs
  7 endoplasms
  5 giant cockroaches
  16 hobgoblins
  6 jackals
  5 quokkas
  11 ball pythons
  7 bats
  2 frilled lizards
  17 goblins
  18 kobolds
  2 rats
135 creatures vanquished.

Notes
Turn   | Place    | Note
-------+----------+-------------------------------------------
     0 | Abyss:1  | croobank the Barachi Abyssal Knight began the quest for the
                  | Orb.
     0 | Abyss:1  | Reached XP level 1. HP: 18/18 MP: 2/2
     5 | D:1      | Escaped the Abyss
   127 | D:1      | Reached XP level 2. HP: 17/25 MP: 3/3
  1126 | D:1      | Learned a level 1 spell: Shock
  1170 | D:1      | Reached XP level 3. HP: 28/31 MP: 4/4
  1172 | D:2      | Reached ** piety under Lugonu
  1835 | D:2      | You fall into a shaft and drop 2 floors!
  1854 | D:4      | Reached XP level 4. HP: 21/38 MP: 5/5
  1857 | D:4      | HP: 1/38 [orc priest/divine providence (14)]
  2008 | D:3      | Reached XP level 5. HP: 6/43 MP: 6/6
  2009 | D:3      | HP: 2/43 [frozen (4)]
  2016 | D:3      | Found a faded altar of an unknown god.
  2049 | D:3      | Noticed Robin
  2127 | D:4      | Reached *** piety under Lugonu
  2128 | D:4      | Reached skill level 5 in Fighting
  2160 | D:4      | Found a white marble altar of Elyvilon.
  2177 | D:4      | Learned a level 2 spell: Ensorcelled Hibernation
  2284 | D:3      | Killed Robin
  2291 | D:3      | Reached XP level 6. HP: 50/51 MP: 7/7
  2301 | D:3      | Reached skill level 5 in Long Blades
  3156 | D:3      | Reached skill level 1 in Spellcasting
  3156 | D:3      | Reached skill level 1 in Transmutations
  3156 | D:3      | Reached skill level 1 in Poison Magic
  3602 | D:4      | Found a staircase to the Ecumenical Temple.
  3627 | D:4      | Reached skill level 1 in Conjurations
  3627 | D:4      | Reached skill level 1 in Air Magic
  3644 | D:4      | Reached XP level 7. HP: 27/56 MP: 8/10
  3781 | D:4      | Reached skill level 1 in Ice Magic
  3978 | D:4      | Reached skill level 1 in Hexes
  4140 | D:4      | Noticed Natasha
  4145 | D:4      | Killed Natasha
  4297 | D:5      | Entered Level 5 of the Dungeon
  4360 | D:5      | Reached **** piety under Lugonu
  4400 | D:5      | Reached XP level 8. HP: 62/62 MP: 13/13
  4437 | D:5      | You fall into a shaft and drop 1 floor!
  4438 | D:6      | HP: 3/62 [poisoned by a gnoll]
  4442 | D:6      | HP: 1/93 [poisoned by a gnoll]
  4445 | D:6      | Succumbed to a gnoll's poison

Illustrated notes

Levels and vault maps discovered:
D:1:      amcnicky_arrival_blooded_trapdoor, layout_basic
D:2:      layout_basic
D:3:      cheibrodos_thug_alley, layout_basic, ebering_ecumenical_altar_box,
          minmay_mini_jars, uniq_robin
D:4:      minmay_chambers_of_threes, layout_basic, elyvilon_altar_3,
          minmay_temple_entry_arrows, uniq_natasha
D:5:      layout_rooms, serial_glass, glass_columns_a, glass_columns_a,
          gup_ossuary_entry_pyramid, hangedman_abyss_or_decor_passed
D:6:      layout_basic, gammafunk_temple_overflow_claw, minivault_25

Skill      XL: |  1  2  3  4  5  6  7  8 |
---------------+-------------------------+-----
Fighting       | 4 5 |  5.2
Long Blades    | 3 4 5 |  5.3
Armour         | 3 |  3.3
Dodging        | 2 |  2.6
Spellcasting   | 2 3 4 |  4.0
Transmutations | 1 |  1.2
Poison Magic   | 1 |  1.2
Conjurations   | 1 |  1.6
Air Magic      | 1 |  1.6
Ice Magic      | 3 |  3.9
Hexes          | 1 |  1.2
Stealth        | |  0.1
Invocations    | |  1.7

Action                   |  1- 3 |  4- 6 |  7- 9 || total
-------------------------+-------+-------+-------++-------
Melee: Falchion          |   107 |   277 |    78 ||   462
Throw: Dart              |       |       |     4 ||     4
 Cast: Ensorcelled Hiber |       |       |     3 ||     3
       Shock             |       |       |     2 ||     2
Invok: Bend Space        |       |     2 |     2 ||     4
 Abil: Hop               |       |     4 |     3 ||     7
  Use: Scroll            |     3 |     8 |     2 ||    13
       Potion            |     1 |     5 |     3 ||     9
 Stab: Sleeping          |       |       |     1 ||     1
Armor: Leather armour    |    42 |   105 |    26 ||   173
Dodge: Dodged            |   109 |   222 |    53 ||   384
       Rpst.: Falchion   |    37 |    65 |    12 ||   114
